Map: Rhoskallian LE

Players

qqq

  • Race: Protoss Protoss
  • League: Platinum
  • Spawn Location: 12:00

Massa

  • Race: Terran Terran
  • League: Platinum
  • Spawn Location: 11:00

BarrackObama - Winner!

  • Race: Terran Terran
  • Spawn Location: 6:00

Mafab - Winner!

  • Race: Terran Terran
  • Spawn Location: 5:00

VOD

Have the link to the VOD?

Description

Time

  • Played on: Nov. 21, 2020, 9:11 a.m.
  • Length: 13:01
Show
View Real Time Build Order
Export as new Build Order

qqq Protoss 

Build Orders:  

Get SALT Encoding   

  12  0:04  Probe  
  13  0:16  Probe  
  14  0:28  Probe  
  15  0:45  Pylon  
  15  1:00  Pylon  
  15  1:01  Pylon  
  15  1:03  Probe  
  16  1:14  Forge  
  16  1:15  Probe  
  17  1:25  Pylon  
  17  1:27  Probe  
  18  1:35  Pylon  
  18  1:39  Probe, Pylon  
  19  1:48  Pylon  
  19  1:51  Probe  
  20  1:54  Photon Cannon  
  20  2:06  Photon Cannon  
  17  2:43  Gateway  
  17  2:50  Pylon  
  17  2:52  Probe  
  18  3:04  Probe, Assimilator  
  19  3:08  Assimilator  
  19  3:16  Probe  
  20  3:28  Probe, Photon Cannon  
  21  3:36  Zealot  
  21  3:40  Probe  
  24  3:47  Cybernetics Core  
  24  3:52  Probe  
  25  4:04  Probe  
  26  4:13  Nexus  
  26  4:16  Probe  
  27  4:24  Stalker  
  29  4:28  Probe  
  30  4:40  Probe  
  31  4:53  Probe, Stalker  
  31  4:56  Stargate  
  31  4:59  Gateway  
  34  5:05  Probe  
  35  5:17  Probe (Chrono Boost)  
  35  5:18  Photon Cannon  
  36  5:23  Stalker  
  39  5:29  Probe (Chrono Boost)  
  39  5:32  Probe (Chrono Boost)  
  40  5:37  Probe (Chrono Boost)  
  40  5:40  Probe (Chrono Boost), Phoenix (Chrono Boost)  
  44  5:50  Probe  
  44  5:53  Photon Cannon  
  45  6:03  Probe, Stalker x2  
  50  6:07  Phoenix  
  52  6:15  Probe  
  45  6:32  Phoenix  
  47  6:33  Pylon x2  
  45  6:51  Stalker x2  
  45  6:52  Pylon  
  49  6:54  Pylon  
  49  6:56  Pylon  
  47  7:19  Fleet Beacon  
  47  7:20  Pylon  
  47  7:21  Stalker x2  
  51  7:25  Photon Cannon  
  51  7:26  Phoenix  
  51  7:29  Pylon  
  53  7:30  Pylon  
  53  7:44  Probe x2  
  55  7:49  Assimilator  
  55  7:50  Stalker  
  57  7:52  Photon Cannon  
  57  7:56  Probe x2  
  59  8:08  Probe x2  
  61  8:14  Tempest  
  66  8:20  Probe x2  
  66  8:25  Stalker x2  
  55  9:01  Probe  
  56  9:13  Probe  
  52  9:39  Probe  
  53  9:51  Probe  
  54  9:55  Carrier  
  54  9:58  Nexus  
  56  10:03  Probe  
  47  10:15  Probe  
  48  10:22  Nexus  
  48  10:23  Pylon  
  48  10:27  Probe, Pylon  
  49  10:39  Probe  
  50  10:51  Probe, Twilight Council  
  51  10:58  Nexus  
  51  10:59  Pylon  
  51  11:03  Carrier, Pylon  
  51  11:04  Probe  
  58  11:10  Probe  
  59  11:16  Probe  
  60  11:30  Stargate  
  60  11:32  Assimilator  
  56  11:35  Probe  
  56  11:36  Assimilator  
  53  11:41  Photon Cannon  
  53  11:47  Probe  
  54  12:01  Photon Cannon  
  54  12:03  Shield Battery  
Show
View Real Time Build Order
Export as new Build Order

Massa Terran 

Build Orders:  

Get SALT Encoding   

  12  0:00  SCV  
  13  0:13  SCV  
  14  0:23  Supply Depot  
  14  0:25  SCV  
  15  0:37  Refinery  
  15  0:44  SCV  
  15  0:45  Barracks  
  16  0:56  SCV  
  17  1:08  SCV  
  18  1:20  SCV  
  19  1:33  SCV  
  20  1:41  Reaper  
  20  1:45  SCV  
  20  1:46  Command Center  
  22  2:01  Barracks  
  22  2:10  Orbital Command  
  22  2:17  Marine  
  23  2:47  Factory, Supply Depot  
  23  2:48  Supply Depot  
  23  2:57  Marine  
  23  3:07  Bunker, Marine  
  23  3:09  Orbital Command  
  24  3:15  Marine  
  25  3:24  SCV  
  25  3:25  Marine  
  29  3:34  Hellion  
  29  3:36  SCV, Supply Depot  
  29  3:48  Starport  
  29  4:03  SCV x2  
  29  4:08  Factory Tech Lab  
  31  4:13  Marine  
  31  4:14  Marine  
  31  4:15  SCV x2  
  35  4:24  Supply Depot  
  35  4:27  SCV  
  35  4:28  Siege Tank  
  39  4:31  Marine x2  
  41  4:42  SCV x2  
  41  4:45  Medivac  
  45  4:49  Marine x2  
  45  4:50  Refinery  
  47  4:54  SCV x2  
  49  5:00  Siege Tank  
  49  5:06  SCV x2  
  54  5:18  SCV  
  52  5:48  Barracks Tech Lab  
  52  5:52  Marine  
  53  5:59  Barracks  
  53  6:01  Medivac  
  53  6:03  Barracks  
  55  6:10  Barracks, Marine  
  56  6:12  Barracks  
  56  6:14  Refinery  
  56  6:28  Marine  
  56  6:31  Marauder, Medivac  
  60  6:46  Marine  
  61  6:52  Marauder  
  63  6:57  Siege Tank  
  63  7:00  Barracks Tech Lab  
  63  7:01  Barracks Reactor x2, Barracks Tech Lab  
  66  7:03  Marine  
  67  7:13  Marine  
  68  7:27  Starport Reactor  
  68  7:28  Refinery  
  68  7:30  Concussive Shells, Stimpack  
  68  7:32  Marauder  
  70  7:40  Supply Depot  
  70  7:41  Supply Depot  
  70  7:43  Supply Depot  
  70  7:44  Engineering Bay  
  70  7:47  Command Center  
  70  7:55  Combat Shield  
  70  8:01  Marine x3  
  70  8:02  Widow Mine, SCV x2  
  70  8:04  Supply Depot  
  70  8:05  Supply Depot  
  78  8:11  Marauder, Supply Depot  
  79  8:14  SCV x2  
  79  8:18  Marine x4  
  79  8:19  Marine  
  90  8:20  Marauder x2  
  90  8:23  Widow Mine  
  90  8:26  SCV  
  93  8:28  Supply Depot  
  93  8:31  Supply Depot  
  93  8:32  Marauder  
  95  8:36  Marine x4  
  95  8:37  Marine  
  104  8:41  Marauder x2  
  104  8:53  Marine  
  104  8:54  Marauder  
  100  9:30  Marauder x2  
  100  9:31  Marauder, Marine x3  
  106  9:32  Marine x2  
  106  9:36  SCV x2  
  112  9:46  Medivac x2  
  112  9:48  SCV x2  
  112  9:49  Marine  
  112  9:52  Marauder x3  
  125  10:00  SCV x2  
  125  10:01  Missile Turret  
  125  10:03  Missile Turret  
  127  10:13  Marauder x3  
  133  10:16  Medivac  
  133  10:18  Orbital Command  
  113  10:46  Marauder x3  
  113  10:47  Marine x4  
  123  11:03  Siege Tank  
  126  11:05  Medivac x2  
  126  11:07  Marauder x2  
  126  11:08  SCV x2, Marauder  
  138  11:29  Marauder x3  
  144  11:35  Siege Tank  
  144  11:39  Marine x2  
  149  11:50  Supply Depot  
  149  11:51  Refinery, Supply Depot  
  149  11:52  Supply Depot  
  149  11:53  Supply Depot x2  
  149  11:55  Supply Depot  
  149  11:58  Marauder, Marine  
  149  11:59  Marauder x2  
  137  12:07  Siege Tank  
  100  12:14  Supply Depot x2  
  100  12:16  Supply Depot  
  100  12:17  Supply Depot  
  100  12:19  Marauder  
  100  12:20  Marauder  
  100  12:21  Marauder  
  106  12:26  Marine  
  107  12:35  Marine x4  
Show
View Real Time Build Order
Export as new Build Order

BarrackObama Terran - Winner!

Build Orders:  

Get SALT Encoding   

  12  0:00  SCV  
  13  0:12  SCV  
  14  0:32  Supply Depot  
  14  0:47  SCV  
  15  0:54  Barracks  
  15  0:59  SCV, Barracks  
  16  1:11  Supply Depot  
  16  1:12  SCV  
  17  1:24  SCV  
  18  1:44  Barracks  
  18  1:58  Marine  
  19  2:04  Marine  
  20  2:09  Barracks  
  20  2:15  Marine  
  20  2:21  Marine  
  20  2:33  Marine  
  20  2:56  Marine  
  20  3:14  Marine  
  20  3:25  Marine  
  19  4:08  Marine  
  20  4:26  Marine  
  21  4:31  Marine  
  21  4:38  Supply Depot  
  22  4:44  Marine  
  22  4:49  Marine  
  22  4:52  Marine  
  23  5:02  Marine  
  24  5:07  Marine  
  24  5:10  Command Center  
  25  5:33  Marine  
  24  5:58  Marine x2  
  26  6:16  Marine  
  27  6:28  Marine x2  
  29  6:34  Marine  
  30  6:46  Marine x2  
  32  6:51  Marine  
  24  7:03  Marine  
  24  7:17  Marine x2  
  24  7:21  Marine  
  22  7:56  SCV  
  23  7:59  Supply Depot  
  23  8:01  Engineering Bay  
  23  8:08  SCV  
  23  8:20  SCV  
  23  8:22  Marine  
  24  8:32  SCV  
  22  8:38  Missile Turret  
  20  8:44  SCV  
  15  9:06  SCV  
  16  9:18  SCV  
  17  9:30  SCV  
  18  9:42  SCV  
  19  9:48  Missile Turret  
  16  10:29  SCV  
  17  10:41  SCV  
  18  10:53  SCV  
  15  11:05  SCV  
  14  11:13  Missile Turret  
  14  11:17  SCV  
  9  11:45  Marine  
  10  12:02  Marine  
Show
View Real Time Build Order
Export as new Build Order

Mafab Terran - Winner!

Build Orders:  

Get SALT Encoding   

  12  0:00  SCV  
  13  0:12  SCV  
  14  0:17  Supply Depot  
  14  0:24  SCV  
  15  0:39  SCV  
  15  0:41  Barracks  
  16  0:44  Refinery  
  16  0:51  SCV  
  17  1:03  SCV  
  18  1:15  SCV  
  19  1:27  Orbital Command  
  19  1:28  Reaper  
  20  1:56  Barracks  
  20  1:57  Barracks  
  20  2:03  Reaper  
  21  2:13  SCV  
  22  2:25  SCV  
  23  2:30  Command Center  
  23  2:40  Supply Depot  
  23  2:57  Factory  
  23  3:01  Marine x3  
  23  3:02  SCV  
  23  3:04  Supply Depot  
  27  3:14  SCV  
  28  3:21  Marine x2  
  28  3:26  SCV  
  31  3:38  SCV  
  31  3:39  Barracks Tech Lab  
  31  3:40  Barracks Reactor  
  32  3:42  Orbital Command  
  32  3:47  Refinery, Factory Reactor  
  32  3:50  Starport, SCV  
  32  3:53  Marine  
  34  4:02  SCV  
  35  4:04  Orbital Command  
  35  4:08  Marine  
  36  4:11  Marine  
  36  4:14  SCV  
  38  4:19  Marine, Stimpack  
  38  4:20  Marine  
  40  4:26  SCV, Barracks x2, Marine  
  42  4:33  SCV, Command Center  
  43  4:38  SCV  
  43  4:45  SCV  
  45  4:47  Marine x4  
  45  4:50  Medivac  
  45  4:51  SCV  
  54  4:56  Medivac  
  54  5:01  Supply Depot  
  54  5:02  Supply Depot  
  54  5:04  Supply Depot  
  54  5:16  Marine  
  54  5:17  Marine  
  54  5:21  Factory Tech Lab  
  54  5:22  SCV x2, Marine x4  
  54  5:23  Medivac  
  54  5:27  Supply Depot  
  62  5:31  Refinery x2  
  62  5:33  Engineering Bay  
  62  5:34  Engineering Bay, Marine x2, SCV x2  
  66  5:40  Marine x4  
  66  5:41  Medivac  
  72  5:45  Orbital Command  
  72  5:47  SCV x2  
  74  5:52  Marine  
  75  5:59  SCV x2  
  75  6:01  Marine x5  
  75  6:02  Terran Infantry Weapons Level 1  
  82  6:07  Terran Infantry Armor Level 1  
  82  6:11  SCV x2  
  84  6:17  Marine  
  82  6:19  Marine x5  
  86  6:32  SCV x2  
  88  6:35  Marine, Supply Depot x2  
  88  6:36  Marine x2  
  88  6:37  Marine  
  91  6:46  Marine x2  
  91  6:47  Medivac  
  91  6:48  Combat Shield  
  91  6:53  Marine  
  91  7:06  Marine x2  
  91  7:09  Marine x2  
  91  7:13  SCV x2, Marauder, Medivac  
  91  7:15  SCV  
  100  7:17  Medivac  
  102  7:24  Marine x3  
  102  7:25  SCV  
  102  7:26  SCV  
  102  7:27  SCV  
  108  7:31  Barracks  
  108  7:33  Siege Tank  
  108  7:34  Marauder  
  113  7:37  Barracks Reactor x2, SCV  
  113  7:40  Armory  
  113  7:42  Marine x2  
  116  7:51  Marine  
  116  7:54  Barracks  
  116  7:55  Command Center  
  117  8:05  Supply Depot x2  
  117  8:07  Concussive Shells  
  117  8:08  Refinery, Supply Depot  
  117  8:19  Refinery  
  117  8:26  Marine x2  
  117  8:27  Marauder, Terran Infantry Weapons Level 2, Marine, Medivac x2, Terran Infantry Armor Level 2, SCV x3  
  125  8:28  Marine x3  
  125  8:29  Marine x2  
  134  8:39  SCV  
  135  8:44  Marine x3  
  135  8:45  Marine  
  135  8:46  Marine x4  
  146  8:48  Marauder  
  146  8:49  Barracks Tech Lab  
  145  8:57  SCV x3  
  145  9:01  Supply Depot  
  145  9:02  Marine x3  
  149  9:09  SCV x2  
  136  9:10  SCV, Marauder  
  136  9:15  Marine x6  
  136  9:16  Medivac x2  
  146  9:20  Marine x3  
  131  9:31  Marauder  
  131  9:33  Marine x5  
  131  9:34  Marauder  
  131  9:35  Siege Tank  
  131  9:38  Marine x2  
  132  9:43  Marine  
  132  9:44  SCV x2  
  135  9:50  Marine  
  135  9:51  Marine x2  
  135  9:52  Marauder, Marine x2  
  140  9:53  Medivac x2  
  140  9:55  Marauder  
  145  10:06  Marine x3  
  148  10:07  Orbital Command  
  148  10:08  SCV, Marine  
  148  10:10  SCV x2  
  148  10:11  Marine x3  
  148  10:12  Barracks Tech Lab  
  156  10:14  Marauder  
  156  10:16  Marauder  
  156  10:19  Command Center  
  156  10:20  SCV  
  155  10:28  Marine x2  
  155  10:29  Marine x2  
  155  10:31  Marine x2  
  155  10:32  Marauder, Marine  
  162  10:35  Marauder  
  162  10:37  Marine  
  148  10:46  Marine x3  
  149  10:50  Marine  
  149  10:51  Marine x3  
  149  10:53  Marauder  
  149  10:55  Marine  
  149  10:56  SCV, Marine  
  149  10:57  SCV x3  
  159  11:04  Marine x3  
  159  11:08  SCV, Marine x2  
  159  11:09  SCV, Marine x2  
  168  11:13  Marauder  
  168  11:14  Marine x2  
  168  11:15  Supply Depot  
  168  11:17  Supply Depot  
  172  11:22  Marine x3  
  175  11:26  Marine x2  
  175  11:29  Medivac  
  175  11:30  Medivac  
  175  11:32  Marauder  
  183  11:37  Marine x2  
  183  11:38  Marine x2  
  187  11:40  Marine  
  187  11:44  Marine x3  
  187  11:45  Marine  
  192  11:54  Marauder  
  189  12:02  Marine x7  
  189  12:03  Medivac x2  
  189  12:08  Marine x2  
  196  12:09  SCV x2  
  196  12:11  Orbital Command  
  196  12:15  Marauder  
  200  12:24  Command Center  
  199  12:35  Marine x9  
  200  12:42  Marine  
Tags
 
Add a new tag
Caveats
  • Supply blocks, unpowered buildings, or Contaminate may cause inaccurate times.
  • Supply counts are checked every 10 seconds.